 Dungeon Crawl Stone Soup version 0.29.1-1-gd02db6906a (webtiles) character file.

Game seed: 16522042202741417708

14805 Zeld the Cleaver (level 11, -2/102 HPs)
             Began as a Minotaur Berserker on Oct 19, 2022.
             Was a High Priest of Trog.
             Slain by a wraith (6 damage)
             ... on level 13 of the Dungeon.
             The game lasted 00:14:52 (12285 turns).

Zeld the Cleaver (Minotaur Berserker)              Turns: 12285, Time: 00:14:53

Health: -2/102     AC:  7    Str: 26    XL:     11   Next: 93%
Magic:  10/10      EV: 15    Int:  4    God:    Trog [*****.]
Gold:   536        SH:  0    Dex: 10    Spells: 10/10 levels left

rFire   . . .      SeeInvis .   a - +4 battleaxe
rCold   . . .      Faith    .   (shield currently unavailable)
rNeg    + + .      Spirit   .   b - +0 animal skin
rPois   .          Reflect  .   (helmet restricted)
rElec   .          Harm     .   u - +2 cloak of Beogh's Righteous Fury {+Blink Will++ Slay+6}
rCorr   +          Rampage  .   (no gloves)
Will    ++++.      NoCast   +   q - +0 pair of boots of Dithmenos's Grace {-Cast +Inv rN++ rCorr}
Stlth   +.........              d - amulet of regeneration
HPRegen 2.07/turn               (no ring)
MPRegen 0.12/turn               (no ring)

@: strong-willed, regenerating, slowed, very slow
A: horns 2, retaliatory headbutt
a: Renounce Religion, Evoke Blink, Evoke Invisibility, Berserk, Trog's Hand,
Brothers in Arms


You were on level 13 of the Dungeon.
You worshipped Trog.
Trog was extremely pleased with you.
You visited 2 branches of the dungeon, and saw 14 of its levels.
You also visited: Sewer.

You collected 536 gold pieces.

Inventory:

Hand Weapons
 a - a +4 battleaxe (weapon)
Armour
 b - a +0 animal skin (worn)
 q - the +0 pair of boots of Dithmenos's Grace (worn) {-Cast +Inv rN++ rCorr}
   (You found it on level 2 of the Dungeon)

   rN:        It greatly protects you from negative energy.
   +Inv:      It lets you turn invisible.
   -Cast:     It prevents spellcasting.
   rCorr:     It protects you from acid and corrosion.
 u - the +2 cloak of Beogh's Righteous Fury (worn) {+Blink Will++ Slay+6}
   (You found it on level 3 of the Dungeon)

   Slay:      It affects your accuracy & damage with ranged weapons and melee
   (+6).
   +Blink:    It lets you blink.
   Will:      It greatly increases your willpower.
Jewellery
 d - an amulet of regeneration (around neck)
Wands
 c - a wand of paralysis (12)
 e - a wand of acid (1)
 y - a wand of flame (36)
 z - a wand of iceblast (12)
 E - a wand of digging (5)
 F - a wand of mindburst (14)
Scrolls
 f - 3 scrolls of enchant armour
 g - a scroll of noise {unknown}
 h - 4 scrolls of magic mapping
 o - 2 scrolls of identify
 v - 8 scrolls of teleportation {unknown}
 x - 4 scrolls of fear {unknown}
 D - 3 scrolls of enchant weapon {unknown}
Potions
 i - 2 potions of attraction {unknown}
 j - a potion of cancellation {unknown}
 k - 2 potions of haste {unknown}
 l - 3 potions of lignification {unknown}
 m - 4 potions of berserk rage {unknown}
 n - 3 potions of magic {unknown}
 r - a potion of flight {unknown}
 w - 3 potions of heal wounds {unknown}
 A - 3 potions of degeneration {unknown}
 B - a potion of mutation {unknown}
 C - a potion of invisibility {unknown}


   Skills:
 + Level 11.1 Fighting
 * Level 14.8 Axes
 + Level 10.8 Armour
 + Level 10.0 Dodging


You had 10 spell levels left.
You didn't know any spells.
Your spell library was empty.

Dungeon Overview and Level Annotations

Branches:
Dungeon (14/15)            Temple (1/1) D:5            Lair (0/5) D:9
    Orc (0/2) D:9           Sewer (visited)
 Vaults: D:13-14

Altars:
Ashenzari
Cheibriados
Dithmenos
Elyvilon
Fedhas
Gozag
Hepliaklqana
Kikubaaqudgha
Makhleb
Nemelex Xobeh
Okawaru
Qazlal
Ru
Sif Muna
Trog
Uskayaw
Vehumet
Wu Jian
Xom
Yredelemnul
Zin
The Shining One

Shops:
D:5 (

Annotations:
D:10 exclusion: oklob plant


Innate Abilities, Weirdness & Mutations

You have a pair of horns on your head.
You reflexively headbutt those who attack you in melee.


Message History

The bolt of electricity misses you.
Unknown command.
Okay, then.
Okay, then.
The ufetubus attacks as you move away! The ufetubus completely misses you.
The ufetubus closely misses you.
The electric eel shoots out a bolt of lightning at you!
The bolt of electricity hits you!
* * * LOW HITPOINT WARNING * * *
The ufetubus hits you but does no damage.
The ufetubus closely misses you.
Unknown command.
Your skin crawls.
You feel strong-willed.
The ufetubus hits you but does no damage.
The ufetubus closely misses you. The wraith barely misses you.
The wraith closely misses you.
Unknown command.
The white imp attacks as you move away! The white imp misses you.
The wraith attacks as you move away! The wraith closely misses you.
You furiously retaliate!
You headbutt the wraith, but do no damage.
The electric eel shoots out a bolt of lightning at you!
The bolt of electricity hits you!
* * * LOW HITPOINT WARNING * * *
The white imp gestures at you. The puff of frost hits you!
* * * LOW HITPOINT WARNING * * *
The wraith hits you.
* * * LOW HITPOINT WARNING * * *
The electric eel shoots out a bolt of lightning at you!
The bolt of electricity misses you.
The electric eel shoots out a bolt of lightning at you!
The bolt of electricity hits the ufetubus!
The ufetubus dies!
The bolt of electricity hits you!
* * * LOW HITPOINT WARNING * * *
Unknown command.
The wraith attacks as you move away! The wraith hits you.
You die...

.~~~~~.........~.
...~S.~~~...~~~~
#......S~~~~~≈~~
#.............
#.....#...#
##..Z......#
#..<55######
#######...WY#
)......>.@..#
#######.#.###
...#.# #.###.# #.
#.# . #.# #. #.#
# ..#


You could see a wraith, an ice beast, 2 electric eels, a white imp, a centaur
warrior simulacrum and an ufetubus.

Vanquished Creatures
  Erica (D:8)
  A necromancer (D:9)
  3 slime creatures (D:14)
  A cyclops (D:11)
  Joseph (D:8)
  A gargoyle (D:11)
  4 kobold demonologists (D:9)
  5 unseen horror zombies (D:9)
  2 trolls
  4 unseen horror skeletons (D:9)
  A meliai (shapeshifter) (D:14)
  4 flying skulls (D:9)
  7 yaks
  6 shadows (D:9)
  A wyvern (D:10)
  4 wraiths
  Edmund (D:5)
  3 acid dragons
  2 ice beasts
  Pargi (Sewer)
  3 orc warriors
  A black bear (D:9)
  A centaur (D:9)
  A phantom (D:6)
  5 kobold brigands
  6 bullfrogs
  2 gnoll sergeants
  2 scorpions
  2 necrophages
  A wyvern zombie (D:9)
  11 wights
  17 killer bees
  4 howler monkeys
  A centaur zombie (D:9)
  A jelly (D:6)
  Crazy Yiuf (D:4)
  2 gnoll boudas
  4 orc priests
  2 hounds
  3 iguanas
  3 centaur skeletons (D:9)
  Ijyb (D:4)
  3 orc wizards
  A killer bee zombie (D:9)
  A mummy (D:4)
  A howler monkey skeleton (D:9)
  Robin (D:4)
  19 gnolls
  15 adders
  2 white imps (D:6)
  2 ufetubi
  3 worms
  5 dart slugs
  20 orcs
  5 endoplasms
  6 giant cockroaches
  17 goblins
  10 hobgoblins
  4 jackals (D:2)
  8 quokkas
  9 ball pythons
  2 bats
  3 frilled lizards
  2 hobgoblin zombies (D:4)
  18 kobolds
  2 kobold zombies (D:4)
  6 rats
292 creatures vanquished.

Vanquished Creatures (collateral kills)
  2 killer bees (D:9)
  A centaur zombie (D:9)
3 creatures vanquished.

Vanquished Creatures (others)
  An ufetubus (D:13)
  21 fungi
  18 plants
40 creatures vanquished.

Grand Total: 335 creatures vanquished

Notes
Turn   | Place    | Note
-------+----------+-------------------------------------------
     0 | D:1      | Zeld the Minotaur Berserker began the quest for the Orb.
     0 | D:1      | Reached XP level 1. HP: 19/19 MP: 0/0
   211 | D:1      | Reached XP level 2. HP: 3/27 MP: 1/1
   986 | D:1      | Found a faded altar of an unknown god.
  1300 | D:2      | Reached skill level 4 in Axes
  1300 | D:2      | Reached XP level 3. HP: 23/33 MP: 2/2
  1800 | D:2      | Reached ** piety under Trog
  1816 | D:2      | Reached XP level 4. HP: 31/41 MP: 3/3
  2308 | D:2      | Identified the +0 pair of boots of Dithmenos's Grace {-Cast
                  | +Inv rN++ rCorr}
  2771 | D:3      | Found a broken altar of Ashenzari.
  2931 | D:3      | Found a shimmering blue altar of Sif Muna.
  2971 | D:3      | Reached XP level 5. HP: 15/47 MP: 4/4
  3210 | D:3      | Identified the +2 cloak of Beogh's Righteous Fury {+Blink
                  | Will++ Slay+6}
  3450 | D:4      | Noticed Robin
  3462 | D:4      | Killed Robin
  3463 | D:4      | Reached skill level 5 in Axes
  3536 | D:4      | Noticed Ijyb
  3545 | D:4      | Killed Ijyb
  3767 | D:4      | Found a glowing drain.
  3775 | Sewer    | Entered a sewer
  3806 | Sewer    | Noticed Pargi
  3814 | Sewer    | Killed Pargi
  3815 | Sewer    | Reached skill level 5 in Fighting
  3815 | Sewer    | Reached XP level 6. HP: 45/56 MP: 5/5
  4282 | D:4      | Reached *** piety under Trog
  4324 | D:4      | Reached skill level 6 in Axes
  4430 | D:4      | Found a runed translucent door.
  4431 | D:4      | Noticed Crazy Yiuf
  4704 | D:4      | Killed Crazy Yiuf
  4769 | D:5      | Entered Level 5 of the Dungeon
  4781 | D:5      | Found Dezxaene's Antique Weapon Shoppe.
  4980 | D:5      | Noticed Edmund
  4992 | D:5      | Killed Edmund
  4993 | D:5      | Reached XP level 7. HP: 61/61 MP: 6/6
  5284 | D:5      | Reached skill level 5 in Armour
  5574 | D:5      | Found a staircase to the Ecumenical Temple.
  5595 | Temple   | Entered the Ecumenical Temple
  5809 | D:6      | Reached skill level 7 in Axes
  5935 | D:6      | Reached skill level 5 in Dodging
  5954 | D:6      | Reached XP level 8. HP: 64/70 MP: 7/7
  6103 | D:6      | Found a hide-covered altar of Uskayaw.
  6105 | D:6      | Found a glowing silver altar of Zin.
  6106 | D:6      | Found a stormy altar of Qazlal.
  6108 | D:6      | Found an iron altar of Okawaru.
  6109 | D:6      | Found a shimmering altar of Xom.
  6396 | D:7      | Reached skill level 8 in Axes
  6843 | D:7      | Reached skill level 9 in Axes
  7195 | D:8      | Reached **** piety under Trog
  7196 | D:8      | Reached XP level 9. HP: 45/79 MP: 8/8
  7397 | D:8      | Reached skill level 10 in Axes
  7610 | D:8      | Found a basalt altar of Yredelemnul.
  7734 | D:8      | Noticed Joseph
  7747 | D:8      | Killed Joseph
  7903 | D:8      | Noticed Erica
  7911 | D:8      | Killed Erica
  7920 | D:8      | Reached skill level 11 in Axes
  9010 | D:9      | Reached XP level 10. HP: 73/90 MP: 9/9
  9284 | D:9      | Reached skill level 12 in Axes
  9295 | D:9      | Noticed a sixfirhy
  9932 | D:9      | Reached skill level 13 in Axes
  9935 | D:9      | Reached XP level 11. HP: 24/99 MP: 10/10
  9937 | D:9      | Reached skill level 10 in Fighting
  9943 | D:9      | HP: 3/99 [something (22)]
 10456 | D:9      | Noticed a necromancer
 10470 | D:9      | Killed a necromancer
 10551 | D:9      | Reached skill level 10 in Armour
 10800 | D:9      | Found a staircase to the Lair.
 10807 | D:9      | Reached skill level 14 in Axes
 10948 | D:9      | Found a staircase to the Orcish Mines.
 10955 | D:9      | Found an ornate altar of the Wu Jian Council.
 11303 | D:10     | Entered Level 10 of the Dungeon
 11345 | D:10     | Identified the +5 short sword "Foytat" {vorpal, rN+ Int+3}
 11362 | D:10     | Reached ***** piety under Trog
 11492 | D:10     | Found a white marble altar of Elyvilon.
 11710 | D:10     | Found a blossoming altar of Fedhas.
 11730 | D:10     | Noticed an oklob plant
 12126 | D:11     | You fall into a shaft and drop 3 floors!
 12172 | D:14     | Received a gift from Trog
 12271 | D:14     | Reached skill level 10 in Dodging
 12284 | D:13     | HP: 4/102 [electric eel/bolt of electricity (8)]
 12285 | D:13     | Slain by a wraith

Illustrated notes

Levels and vault maps discovered:
D:1:      ebering_trefoil_twist, layout_loops_cross,
          hellmonk_ecumenical_altar_run_dry, chequers_serial_rivers_micro_c,
          hex_large
D:2:      layout_basic
D:3:      layout_basic, ashenzari_conservatory_becter, led_sif_pool,
          dreamdust_princess_bridge, amcnicky_mini_rare_corridor_liquid
D:4:      layout_cave_pools, gup_sewer_entry_spiral, hangedman_decor_lopped,
          minmay_mini_ossuary, uniq_ijyb, uniq_crazy_yiuf_cottage, uniq_robin
D:5:      layout_gridville, lemuel_temple_firewalk_b, serial_shops, shop,
          uniq_edmund
D:6:      layout_loops_ring, grunt_temple_overflow_open, corexii_corridor_pit
D:7:      layout_cave_pools
D:8:      layout_basic, mainiacjoe_overflow_boulevard, uniq_erica, uniq_joseph
D:9:      hangedman_screamer, layout_loops_ring, kennysheep_mini_moat,
          grunt_lair_entry_orc_guard_hut
D:10:     layout_basic, tgw_fedhas, elyvilon_altar_5
D:11:     layout_rooms
D:13:     layout_basic, skrybe_vaults_entry_preservation, serial_ice,
          serial_ice_a, serial_ice_b, serial_ice_d, serial_ice_f, serial_ice_i,
          serial_ice_g, serial_ice_c, serial_ice_o,
          portal_ice_cave_entry_animals_and_master
D:14:     layout_loops_cross, gammafunk_ghost_berserking_beasts,
          hangedman_decor_opposing, uniq_nessos
Temple:   hellmonk_temple_of_storms

Skill      XL: |  1  2  3  4  5  6  7  8  9 10 11 |
---------------+----------------------------------+-----
Fighting       | 4 5 6 7 8 9 11 | 11.1
Armour         | 3 4 5 6 8 9 10 | 10.8
Axes           | 4 5 6 7 9 11 13 14 | 14.8
Dodging        | 3 4 5 6 7 8 10 | 10.0

Action                   |  1- 3 |  4- 6 |  7- 9 | 10-12 || total
-------------------------+-------+-------+-------+-------++-------
Melee: Hand axe          |    70 |   147 |   199 |    36 ||   452
       Headbutt          |    12 |    14 |    40 |    44 ||   110
       Punch             |       |     2 |     1 |       ||     3
       Battleaxe         |       |       |       |   173 ||   173
Invok: Berserk           |       |     5 |     3 |     4 ||    12
       Trog's Hand       |       |       |     1 |     3 ||     4
       Brothers in Arms  |       |       |       |     2 ||     2
  Use: Scroll            |       |       |       |     8 ||     8
       Potion            |       |       |       |     4 ||     4
 Stab: Sleeping          |       |     2 |       |       ||     2
Armor: Animal skin       |    16 |    46 |    36 |    67 ||   165
Dodge: Dodged            |    43 |    98 |   138 |   208 ||   487
